[Event "Titled Tuesday Blitz May 4 2021"]
[White "Aradhya, Garg"]
[Black "Diaz Camallonga, Carles"]
[WhiteFideId "25006746"]
[BlackFideId "22235256"]
[WhiteElo "2146"]
[BlackElo "2438"]
[Result "1/2-1/2"]
[Round "11"]
[TimeControl "180+1"]
[Date "2021.05.04"]
[WhiteClock "0:01:05"]
[BlackClock "0:00:41"]

1. d4 e6 2. Nf3 Nf6 3. Bf4 c5 4. e3 Nc6 5. Nbd2 d5 6. c3 Bd6 7. dxc5 Bxc5 8. Bb5 O-O 9. O-O Qb6 10. Qe2 a6 11. Bxc6 bxc6 12. b4 Be7 13. Nb3 Ne4 14. Rfc1 c5 15. bxc5 Nxc5 16. Rab1 Bd7 17. c4 dxc4 18. Nxc5 Qxc5 19. Qxc4 Qxc4 20. Rxc4 Rfc8 21. Rbc1 Ba3 22. Rxc8+ Rxc8 23. Rxc8+ Bxc8 24. e4 Bb7 25. Nd2 f6 26. e5 Bc1 27. exf6 gxf6 28. Be3 Bd5 29. a4 Kf7 30. Kf1 Ke7 31. f3 Bc6 32. a5 Bb5+ 33. Kf2 Ba3 34. Ne4 f5 35. Bg5+ Kf7 36. Nc3 Bc5+ 37. Be3 Bxe3+ 38. Kxe3 Bf1 39. g3 e5 40. f4 Ke6 41. h4 Kd6 42. h5 h6 43. fxe5+ Kxe5 44. Na2 Bc4 45. Nb4 Bb5 46. Nc2 Kd5 47. Kf4 Be8 48. Ne3+ Kc5 49. Nxf5 Bxh5 50. Nxh6 Kb5 51. Ke3 Kxa5 52. Kd2 Kb4 53. Kc1 Ka3 54. Kb1 Bg6+ 55. Ka1 a5 56. g4 a4 57. Nf5 Kb3 58. Ne7 Bf7 59. g5 a3 60. g6 Be6 61. g7 Bf7 62. Nf5 a2 63. Nd4+ Kc3 64. Nf3 Bg8 65. Nh4 Kb3 66. Ng6 Ka3 67. Ne5 Kb3 68. Nc6 Ka3 69. Ne7 Bf7 70. Nf5 Bg8 71. Nd6 Be6 72. Ne4 Bg8 73. Nc3 Bf7 74. Ne2 Bg8 75. Ng3 Bf7 76. Ne4 Bg8 77. Nf6 Bf7 78. g8=Q Bxg8 79. Nxg8 Kb4 80. Nf6 Kc5 81. Ng4 Kd6 82. Kb2 Ke7 83. Ka1 Kf8 84. Ne3 Kg7 85. Nd5 Kh6 86. Nc3 Kg5 87. Kxa2 1/2-1/2


[Site "https://www.chess.com"]

[Event "Titled Tuesday Blitz May 4 2021"]
[White "Araujo Filho, Luiz Antonio Coel"]
[Black "Sargissyan, Sargis"]
[WhiteFideId "2130661"]
[BlackFideId "13303210"]
[WhiteElo "2220"]
[BlackElo "2174"]
[Result "0-1"]
[Round "11"]
[TimeControl "180+1"]
[Date "2021.05.04"]
[WhiteClock "0:00:37"]
[BlackClock "0:01:33"]

1. d4 Nf6 2. Nf3 g6 3. c4 c6 4. Nc3 d5 5. e3 Bg7 6. Be2 O-O 7. O-O Nbd7 8. b3 Re8 9. Bb2 Ne4 10. Nxe4 dxe4 11. Ng5 Nf6 12. Qc2 Bf5 13. g4 Nxg4 14. Nxe4 Qc7 15. Bxg4 Bxg4 16. f4 Bf5 17. Rac1 c5 18. Rfd1 Rad8 19. Kf2 cxd4 20. Bxd4 Bxd4 21. exd4 Qxf4+ 0-1


[Site "https://www.chess.com"]

[Event "Titled Tuesday Blitz May 4 2021"]
[White "Ashiev, Eduard"]
[Black "Loy, Konstantin"]
[WhiteFideId "4130090"]
[BlackFideId "14122499"]
[WhiteElo "2106"]
[BlackElo "2084"]
[Result "1-0"]
[Round "11"]
[TimeControl "180+1"]
[Date "2021.05.04"]
[WhiteClock "0:00:10"]
[BlackClock "0:00:01"]

1. d4 Nf6 2. Nf3 g6 3. c4 c5 4. e3 Bg7 5. Nc3 cxd4 6. exd4 d5 7. h3 O-O 8. Be3 dxc4 9. Bxc4 Nbd7 10. d5 Nb6 11. Bb3 Bf5 12. O-O Ne4 13. Bd4 Nxc3 14. bxc3 Qd6 15. Re1 Rfd8 16. Bxg7 Kxg7 17. Qd4+ Qf6 18. Re5 e6 19. g4 Nd7 20. gxf5 Nxe5 21. Qxe5 exd5 22. fxg6 hxg6 23. Qxf6+ Kxf6 24. Re1 Rac8 25. Re3 Rc5 26. Nd4 Rdc8 27. Rf3+ Kg7 28. Rf4 Rxc3 29. Bxd5 Rc1+ 30. Kg2 R8c7 31. Bb3 R1c5 32. h4 Rh5 33. Kg3 Re5 34. f3 Re3 35. Rg4 Re5 36. Rg5 Kf6 37. Rxe5 Kxe5 38. Nb5 Rc5 39. Nxa7 Kd6 40. a4 1-0


[Site "https://www.chess.com"]

[Event "Titled Tuesday Blitz May 4 2021"]
[White "Banawa, Joel"]
[Black "Isajevsky, Anton"]
[WhiteFideId "2024055"]
[BlackFideId "4142500"]
[WhiteElo "2686"]
[BlackElo "2510"]
[Result "1-0"]
[Round "11"]
[TimeControl "180+1"]
[Date "2021.05.04"]
[WhiteClock "0:00:07"]
[BlackClock "0:00:04"]

1. e4 c5 2. c3 Nf6 3. e5 Nd5 4. d4 cxd4 5. Nf3 d6 6. cxd4 e6 7. Bc4 Bd7 8. O-O Bc6 9. Nbd2 Nd7 10. Ne4 dxe5 11. dxe5 h6 12. Re1 Nc5 13. Ng3 Nb6 14. Be2 Qxd1 15. Rxd1 Be7 16. Be3 Nd5 17. Bd4 Nf4 18. Bf1 Rd8 19. b4 Ne4 20. b5 Bd5 21. Bxa7 Nc3 22. Rd2 Ra8 23. Be3 Ng6 24. Rc2 Nxa2 25. Bc4 Bxc4 26. Rxc4 O-O 27. Rc7 Rfb8 28. Ne4 Bd8 29. Rd7 Nf8 30. Rdd1 Nb4 31. Rxa8 Rxa8 32. Nd6 b6 33. Nd4 Nd5 34. Nc6 Nd7 35. Bd4 Kf8 36. Ra1 Rxa1+ 37. Bxa1 Be7 38. Nc4 Bc5 39. Kf1 Nc7 40. Na7 Ke7 41. g3 f6 42. f4 f5 43. Ke2 g5 44. Kf3 g4+ 45. Kg2 h5 46. h3 Nf8 47. hxg4 hxg4 48. Kf1 Kd7 49. Ke2 Ng6 50. Bc3 Ne7 51. Bd2 Ned5 52. Be1 Ne7 53. Bf2 Bxf2 54. Kxf2 Ned5 55. Ke2 Ke7 56. Kd3 Kd7 57. Kd4 Ke7 58. Nc8+ Kd7 59. N8xb6+ Nxb6 60. Nxb6+ Ke7 61. Kc5 Ne8 62. Nc4 Kd7 63. b6 Kc8 64. Kc6 1-0


[Site "https://www.chess.com"]

[Event "Titled Tuesday Blitz May 4 2021"]
[White "Batchimeg, Tuvshintugs"]
[Black "Vargas, Gabriela"]
[WhiteFideId "4900839"]
[BlackFideId "3700860"]
[WhiteElo "2295"]
[BlackElo "2116"]
[Result "1-0"]
[Round "11"]
[TimeControl "180+1"]
[Date "2021.05.04"]
[WhiteClock "0:00:12"]
[BlackClock "0:00:15"]

1. d4 d5 2. c4 e6 3. Nf3 c6 4. Nc3 Nf6 5. Bg5 Nbd7 6. e3 Qa5 7. Nd2 dxc4 8. Bxf6 Nxf6 9. Nxc4 Qc7 10. Rc1 Be7 11. Be2 O-O 12. O-O Rd8 13. Qc2 Bd7 14. Bf3 Be8 15. h3 Rac8 16. Ne4 Nxe4 17. Qxe4 b5 18. Ne5 Qa5 19. a3 c5 20. dxc5 Rd2 21. b4 Qxa3 22. Ra1 Qb2 23. Rxa7 Bf6 24. Ng4 Bc3 25. Ra8 Rdd8 26. Rxc8 Rxc8 27. Qb7 Rd8 28. Qe7 Bf6 29. Nxf6+ Qxf6 30. Qxf6 gxf6 31. c6 Rc8 32. Rc1 Rc7 33. Rc5 Kf8 34. Rxb5 Ke7 35. Rb7 Kd6 36. Rxc7 Kxc7 37. b5 Kb6 38. Be2 f5 39. g4 fxg4 40. hxg4 e5 41. Kg2 f6 42. Kg3 Bf7 43. f4 Bd5 44. fxe5 fxe5 45. Kh4 Kc5 46. Kg5 Kd6 47. Kf6 Be4 48. g5 Bd5 49. Bd3 e4 50. Be2 Be6 51. Bh5 Bc4 52. Kg7 Bxb5 53. Be8 Ke7 54. Bd7 Bc4 55. Kxh7 Kf8 56. g6 Bg8+ 57. Kh6 Be6 58. Bxe6 1-0


[Site "https://www.chess.com"]

[Event "Titled Tuesday Blitz May 4 2021"]
[White "Begunov, Konstantin"]
[Black "Yurtseven, Melih"]
[WhiteFideId "4118510"]
[BlackFideId "6312160"]
[WhiteElo "2262"]
[BlackElo "2160"]
[Result "1-0"]
[Round "11"]
[TimeControl "180+1"]
[Date "2021.05.04"]
[WhiteClock "0:00:32"]
[BlackClock "0:00:14"]

1. d4 e6 2. c4 Nf6 3. Nf3 c5 4. Nc3 d5 5. cxd5 Nxd5 6. g3 Nxc3 7. bxc3 cxd4 8. cxd4 Bb4+ 9. Bd2 Bxd2+ 10. Qxd2 O-O 11. Bg2 Bd7 12. Ne5 Bc6 13. Nxc6 Nxc6 14. Rd1 Rc8 15. O-O Qd6 16. e3 Qa3 17. Rb1 Rc7 18. Rb3 Qa6 19. Rc1 Rfc8 20. Rbc3 Qa5 21. Qc2 h5 22. Rc5 Qa3 23. Rxh5 g6 24. Rc5 Kg7 25. Qc3 Qxc3 26. R1xc3 Kf6 27. e4 e5 28. d5 Ke7 29. dxc6 Rxc6 30. Rxc6 bxc6 31. Bf1 Kd6 32. Bc4 f6 33. Bb3 a5 34. h4 Rf8 35. Rd3+ Kc5 36. Rd7 Ra8 37. Kg2 a4 38. Bf7 g5 39. h5 Kb4 40. Rb7+ Kc5 41. Kf3 Kd4 42. Rd7+ Kc5 43. Kg4 Kb4 44. Kf5 c5 45. Rb7+ Kc3 46. h6 Rh8 47. Kg6 Kd4 48. Kg7 Rb8 49. Rxb8 1-0


[Site "https://www.chess.com"]

[Event "Titled Tuesday Blitz May 4 2021"]
[White "Bolanos, Fernando"]
[Black "Senthil Maran K"]
[WhiteFideId "3304094"]
[BlackFideId "25035681"]
[WhiteElo "1998"]
[BlackElo "2194"]
[Result "0-1"]
[Round "11"]
[TimeControl "180+1"]
[Date "2021.05.04"]
[WhiteClock "0:00:06"]
[BlackClock "0:00:16"]

1. e4 c5 2. Nf3 Nc6 3. d4 cxd4 4. Nxd4 g6 5. c3 Nf6 6. Bd3 Bg7 7. O-O O-O 8. Bc2 d5 9. exd5 Nxd5 10. Nxc6 bxc6 11. Nd2 Rb8 12. Nb3 a5 13. Re1 a4 14. Nd4 a3 15. Bb3 Bd7 16. Qf3 e6 17. bxa3 c5 18. Ne2 Bc6 19. Qg3 Qf6 20. Bg5 Qf5 21. Rad1 Be5 22. f4 Bg7 23. c4 Nf6 24. Qe3 Ne4 25. Ng3 Nxg3 26. Qxg3 Rfe8 27. Qh4 e5 28. fxe5 Rxe5 29. Rxe5 Bxe5 30. Rf1 Qe6 31. Bf4 Bd4+ 32. Kh1 Qe4 33. Qg3 Re8 34. a4 h5 35. h4 Qe2 36. Rd1 Re4 37. a5 Rxf4 38. a6 Rf1+ 39. Rxf1 Qxf1+ 40. Kh2 Qg1+ 41. Kh3 Qh1+ 42. Qh2 Bd7+ 43. Kg3 Be5+ 0-1


[Site "https://www.chess.com"]

[Event "Titled Tuesday Blitz May 4 2021"]
[White "Bologan, Victor"]
[Black "Matinian, Nikita"]
[WhiteFideId "13900048"]
[BlackFideId "24129100"]
[WhiteElo "2511"]
[BlackElo "2410"]
[Result "1-0"]
[Round "11"]
[TimeControl "180+1"]
[Date "2021.05.04"]
[WhiteClock "0:01:39"]
[BlackClock "0:00:03"]

1. e4 e5 2. Nf3 Nc6 3. Bc4 Bc5 4. c3 Qf6 5. d4 exd4 6. O-O Nge7 7. Bg5 Qg6 8. cxd4 Nxd4 9. Bxf7+ Qxf7 10. Nxd4 d6 11. Nc3 O-O 12. Rc1 Nc6 13. Be3 Bb6 14. Nd5 Ne5 15. Nb5 c6 16. Nxd6 Qe6 17. Bxb6 axb6 18. Nxb6 Qg6 19. Nbxc8 Nf3+ 20. Kh1 Qh5 1-0


[Site "https://www.chess.com"]

[Event "Titled Tuesday Blitz May 4 2021"]
[White "Bon, Michael"]
[Black "Madaminov, Mukhiddin"]
[WhiteFideId "620696"]
[BlackFideId "14210703"]
[WhiteElo "2439"]
[BlackElo "1747"]
[Result "0-1"]
[Round "11"]
[TimeControl "180+1"]
[Date "2021.05.04"]
[WhiteClock "0:00:01"]
[BlackClock "0:00:02"]

1. e4 e6 2. d4 d5 3. exd5 exd5 4. Nf3 Nc6 5. Bb5 Bd6 6. c4 a6 7. Ba4 Nf6 8. c5 Be7 9. Ne5 Bd7 10. Bxc6 Bxc6 11. O-O O-O 12. Nc3 Re8 13. Re1 Nd7 14. Bf4 Nxe5 15. Bxe5 Qd7 16. Qh5 f6 17. Bf4 Bf8 18. b3 g6 19. Qf3 a5 20. Qg3 b6 21. cxb6 cxb6 22. h4 Rxe1+ 23. Rxe1 Re8 24. Re3 Rxe3 25. Qxe3 Kf7 26. f3 b5 27. Kf2 b4 28. Nd1 Qf5 29. Qd2 Bb5 30. g4 Qb1 31. Ne3 Ke6 32. h5 a4 33. hxg6 hxg6 34. bxa4 Bxa4 35. g5 fxg5 36. Bxg5 Bb5 37. Nd1 Qf5 38. Qe3+ Kf7 39. Kg3 Bc4 40. Nf2 Bd6+ 41. Kh4 Bxa2 42. Ng4 Bf8 43. Ne5+ Kg8 44. Ng4 Bc4 0-1


[Site "https://www.chess.com"]

[Event "Titled Tuesday Blitz May 4 2021"]
[White "Bongo Akanga Ndjila, Barthelemy"]
[Black "Cella, Glaucio Dalla Cortt"]
[WhiteFideId "10609431"]
[BlackFideId "2119455"]
[WhiteElo "1803"]
[BlackElo "2011"]
[Result "1-0"]
[Round "11"]
[TimeControl "180+1"]
[Date "2021.05.04"]
[WhiteClock "0:01:05"]
[BlackClock "0:00:06"]

1. e4 c5 2. c3 Nf6 3. e5 Nd5 4. d4 d6 5. Bc4 Nb6 6. Bb5+ Bd7 7. Bd3 Nc6 8. exd6 exd6 9. Nf3 Be7 10. O-O h6 11. Re1 O-O 12. a4 Bf6 13. a5 Nc8 14. a6 cxd4 15. axb7 Rb8 16. bxc8=Q Rxc8 17. cxd4 Nxd4 18. Nc3 Bg4 19. h3 Nxf3+ 20. gxf3 Bxh3 21. Bc2 Bg5 22. Qd3 g6 23. f4 Bf5 24. Qd2 Bxf4 25. Qxf4 Bxc2 26. Qxh6 Qf6 27. Bg5 Qf5 28. Re3 Rc4 29. Rh3 Rg4+ 30. Kh1 1-0


[Site "https://www.chess.com"]

[Event "Titled Tuesday Blitz May 4 2021"]
[White "Bonte, Andrei-Mihai"]
[Black "Matthiesen, Martin"]
[WhiteFideId "1210297"]
[BlackFideId "1404067"]
[WhiteElo "2200"]
[BlackElo "2337"]
[Result "0-1"]
[Round "11"]
[TimeControl "180+1"]
[Date "2021.05.04"]
[WhiteClock "0:00:11"]
[BlackClock "0:00:20"]

1. d4 Nf6 2. c4 e6 3. Nc3 Bb4 4. e3 O-O 5. Ne2 d5 6. a3 Bd6 7. cxd5 exd5 8. Ng3 c6 9. Bd3 Na6 10. Bxa6 bxa6 11. O-O a5 12. b3 Rb8 13. Rb1 Re8 14. Qc2 g6 15. Nce2 h5 16. Qxc6 h4 17. Nh1 Rb6 18. Qc3 Bf5 19. Ra1 Qb8 20. f3 Bxh2+ 21. Kf2 Rxb3 22. Qxa5 Rc8 23. Bd2 Rc2 24. Rfc1 Rb5 25. Rab1 Bg3+ 26. Nhxg3 hxg3+ 27. Nxg3 Rxd2+ 28. Qxd2 Bxb1 29. Qc3 Rb2+ 30. Kg1 Kg7 31. f4 Ne4 32. Nxe4 Bxe4 33. Rc2 Rxc2 34. Qxc2 Bxc2 35. Kh2 Be4 36. Kg3 Qb2 37. Kh2 Qxg2# 0-1


[Site "https://www.chess.com"]

[Event "Titled Tuesday Blitz May 4 2021"]
[White "Bortnyk, Olexandr"]
[Black "Maly, Alexey"]
[WhiteFideId "14120828"]
[BlackFideId "14103184"]
[WhiteElo "2723"]
[BlackElo "2314"]
[Result "1/2-1/2"]
[Round "11"]
[TimeControl "180+1"]
[Date "2021.05.04"]
[WhiteClock "0:00:44"]
[BlackClock "0:00:40"]

1. e4 c6 2. d4 d5 3. Nc3 dxe4 4. Nxe4 Bf5 5. Ng3 Bg6 6. h4 h6 7. h5 Bh7 8. Bc4 e6 9. c3 Nf6 10. Qe2 Nd5 11. Nh3 Nd7 12. O-O N7b6 13. Bb3 Bd6 14. Qg4 Qc7 15. c4 Bxg3 16. fxg3 Ne7 17. Qxg7 O-O-O 18. Rxf7 Rdg8 19. Qf6 Qxg3 20. Qxe6+ Nd7 21. Nf4 Bf5 22. Qe3 Qh4 23. Qxe7 Qg4 24. Bd2 Re8 25. Qd6 Rhg8 26. Bd1 Qg3 27. Rxf5 Re1+ 28. Bxe1 Qxe1+ 29. Kh2 Qg3+ 30. Kh1 Qe1+ 31. Kh2 Qg3+ 32. Kg1 Qe1+ 33. Kh2 1/2-1/2


[Site "https://www.chess.com"]

[Event "Titled Tuesday Blitz May 4 2021"]
[White "Buksa, Nataliya"]
[Black "Pein, Jonathan"]
[WhiteFideId "14123622"]
[BlackFideId "417092"]
[WhiteElo "2214"]
[BlackElo "2167"]
[Result "0-1"]
[Round "11"]
[TimeControl "180+1"]
[Date "2021.05.04"]
[WhiteClock "0:00:06"]
[BlackClock "0:00:01"]

1. d4 d5 2. Nc3 e6 3. Bf4 c6 4. e3 f5 5. g4 fxg4 6. Qxg4 Nf6 7. Qd1 Bb4 8. Bd3 Qa5 9. Ne2 Nbd7 10. Rg1 g6 11. a3 Be7 12. Nc1 Nh5 13. Bh6 e5 14. Be2 exd4 15. exd4 Ndf6 16. Nd3 Be6 17. Qd2 O-O-O 18. O-O-O Rhe8 19. Kb1 Bd6 20. Ne5 c5 21. Bg5 cxd4 22. Qxd4 Qc7 23. f4 Bc5 24. Qa4 Bxg1 25. Rxg1 Qb6 26. Rd1 Bd7 27. Qd4 Qxd4 28. Rxd4 Rf8 29. Bxh5 gxh5 30. Bxf6 Rxf6 31. Nxd5 Re6 32. Ne3 Bc6 33. Rc4 Kc7 34. b4 a6 35. Kb2 Rf6 36. a4 Kb6 37. Ka3 Rdf8 38. Nd3 Re8 39. Ne5 Ref8 40. a5+ Ka7 41. Nd3 Bb5 42. Rc7 Bxd3 43. cxd3 R8f7 44. Rc5 Rxf4 45. Rxh5 Rf3 46. Re5 Rd7 47. Ka4 Rxd3 48. Nc4 Rf1 49. b5 Ra1+ 50. Kb4 Rb1+ 51. Kc5 Rxb5# 0-1


[Site "https://www.chess.com"]

[Event "Titled Tuesday Blitz May 4 2021"]
[White "Bures, Vit"]
[Black "Martinez Lopez, David"]
[WhiteFideId "309052"]
[BlackFideId "22235779"]
[WhiteElo "2131"]
[BlackElo "2327"]
[Result "1-0"]
[Round "11"]
[TimeControl "180+1"]
[Date "2021.05.04"]
[WhiteClock "0:00:05"]
[BlackClock "0:00:02"]

1. d4 Nf6 2. c4 e6 3. Nc3 Bb4 4. e3 b6 5. Ne2 c5 6. a3 Ba5 7. Rb1 Na6 8. g3 Bb7 9. d5 exd5 10. Bg2 b5 11. cxd5 O-O 12. O-O b4 13. Nb5 d6 14. axb4 Nxb4 15. Nec3 Ba6 16. Re1 Qb6 17. Bf1 Rad8 18. e4 Rfe8 19. Bg5 Nd7 20. Na4 Qb8 21. Bxd8 Rxd8 22. Nbc3 Bxf1 23. Rxf1 Ne5 24. f4 Ned3 25. Qf3 f6 26. Nd1 c4 27. Ne3 Bb6 28. Kh1 Bxe3 29. Qxe3 Re8 30. Nc3 Qb7 31. Qd4 Qc7 32. Kg2 a6 33. h4 Nc5 34. Qxc4 Rxe4 35. Nxe4 1-0


[Site "https://www.chess.com"]

[Event "Titled Tuesday Blitz May 4 2021"]
[White "Buscar, Michael"]
[Black "Arkell, Keith C"]
[WhiteFideId "2603616"]
[BlackFideId "400270"]
[WhiteElo "2010"]
[BlackElo "2398"]
[Result "0-1"]
[Round "11"]
[TimeControl "180+1"]
[Date "2021.05.04"]
[WhiteClock "0:00:04"]
[BlackClock "0:01:18"]

1. d4 e6 2. c4 Bb4+ 3. Nc3 c5 4. e3 Bxc3+ 5. bxc3 f5 6. Bd3 Nf6 7. Ne2 d6 8. O-O Nc6 9. f3 e5 10. e4 f4 11. g3 g5 12. h4 h6 13. g4 gxh4 14. Qe1 h5 15. Qxh4 Kd7 16. g5 Nh7 17. Kf2 Qxg5 18. Rh1 Qxh4+ 19. Rxh4 Nf6 20. Ba3 b6 21. Rah1 Ke7 22. Bc2 Kf7 23. Ba4 Ne7 24. Nc1 Ng6 25. R4h2 Be6 26. Bc6 Rac8 27. Bd5 Bxd5 28. cxd5 Nd7 29. Nd3 h4 30. Rg2 cxd4 31. cxd4 Rc3 32. dxe5 Rxa3 33. e6+ Kf6 34. Rxg6+ Kxg6 35. Nxf4+ Kg5 36. Nh3+ Kf6 37. exd7 Rd8 38. Nf4 Rxd7 39. Rxh4 Ke5 40. Ne6 Rxa2+ 41. Ke3 Ra3+ 42. Ke2 Rf7 43. Rh5+ Kf6 0-1


[Site "https://www.chess.com"]

[Event "Titled Tuesday Blitz May 4 2021"]
[White "Callejas Rojas, Francisco Miguel"]
[Black "Dogan, Mire Deniz"]
[WhiteFideId "32072503"]
[BlackFideId "6317456"]
[WhiteElo "2293"]
[BlackElo "1850"]
[Result "1-0"]
[Round "11"]
[TimeControl "180+1"]
[Date "2021.05.04"]
[WhiteClock "0:00:03"]
[BlackClock "0:00:08"]

1. d4 d5 2. c4 e6 3. Nc3 Nf6 4. cxd5 exd5 5. Bg5 Be7 6. e3 O-O 7. Bd3 Nbd7 8. Qc2 Re8 9. Nf3 Nf8 10. O-O g6 11. Rab1 Ne6 12. Bh4 Ng7 13. b4 Bf5 14. b5 h6 15. Rfc1 Bxd3 16. Qxd3 Ne4 17. Bxe7 Rxe7 18. Ne5 Qd6 19. Nxe4 dxe4 20. Qxe4 c5 21. bxc6 bxc6 22. Qxc6 Qd8 23. Qf6 Qe8 24. Qc6 Qd8 25. Rb7 Rb8 26. Rxb8 Qxb8 27. Qc8+ Re8 28. Qxb8 Rxb8 29. Nd3 Ne6 30. Kf1 a5 31. Ke2 Kf8 32. Kd2 Ng5 33. f3 Nh7 34. Rc5 a4 35. Ra5 Rb1 36. Rxa4 Rg1 37. Nf4 g5 38. Ne2 Rxg2 39. Ra6 h5 40. Rh6 Kg7 41. Rxh5 Nf6 42. Rh3 Nd5 43. Rg3 Rxh2 44. Rxg5+ Kf6 45. Rxd5 Rh5 46. Rxh5 1-0


[Site "https://www.chess.com"]

[Event "Titled Tuesday Blitz May 4 2021"]
[White "Can, Emre"]
[Black "Rios Parra, Alejandro"]
[WhiteFideId "6302181"]
[BlackFideId "4400348"]
[WhiteElo "2503"]
[BlackElo "2188"]
[Result "1-0"]
[Round "11"]
[TimeControl "180+1"]
[Date "2021.05.04"]
[WhiteClock "0:00:34"]
[BlackClock "0:00:32"]

1. e4 e5 2. f4 exf4 3. Nf3 Nf6 4. e5 Nh5 5. Be2 d6 6. exd6 Bxd6 7. O-O O-O 8. d4 Nc6 9. Nbd2 Re8 10. Nc4 Bg4 11. c3 Qf6 12. Bd3 Rad8 13. Nxd6 Rxd6 14. Bd2 g6 15. Qa4 a6 16. Rf2 Red8 17. Re1 g5 18. Ne5 Bf5 19. Bxf5 Qxf5 20. g4 Nxe5 21. gxf5 Nd3 22. Re8+ Kg7 23. Rxd8 Rxd8 24. Rg2 h6 25. Qc2 f3 26. Rg4 Ndf4 27. Bxf4 Nxf4 28. Rxf4 gxf4 29. Kf2 1-0


[Site "https://www.chess.com"]

[Event "Titled Tuesday Blitz May 4 2021"]
[White "Carrasco Miranda, Andres"]
[Black "Kanyamarala, Trisha"]
[WhiteFideId "3405990"]
[BlackFideId "45004722"]
[WhiteElo "2177"]
[BlackElo "2074"]
[Result "0-1"]
[Round "11"]
[TimeControl "180+1"]
[Date "2021.05.04"]
[WhiteClock "0:00:03"]
[BlackClock "0:00:10"]

1. d4 Nf6 2. c4 e6 3. g3 d5 4. Nf3 dxc4 5. Bg2 Nc6 6. Qa4 Bb4+ 7. Bd2 Nd5 8. Bxb4 Nxb4 9. Nc3 Bd7 10. O-O a6 11. Ne5 b5 12. Nxc6 Nxc6 13. Qd1 Rb8 14. Ne4 O-O 15. e3 Ne7 16. Nc5 Rb6 17. a4 Bc6 18. Bxc6 Rxc6 19. axb5 axb5 20. Ra7 e5 21. Rb7 exd4 22. exd4 Rd6 23. Qh5 Rxd4 24. Re1 Rd5 25. Re5 Rd1+ 26. Kg2 Ng6 27. Rf5 Rd6 28. Qf3 c6 29. Rbxf7 Rxf7 30. Rxf7 Ne5 0-1


[Site "https://www.chess.com"]

[Event "Titled Tuesday Blitz May 4 2021"]
[White "Chyzy, Jakub"]
[Black "Golizadeh, Asghar"]
[WhiteFideId "21806209"]
[BlackFideId "12505269"]
[WhiteElo "2013"]
[BlackElo "2403"]
[Result "1-0"]
[Round "11"]
[TimeControl "180+1"]
[Date "2021.05.04"]
[WhiteClock "0:00:11"]
[BlackClock "0:00:01"]

1. b3 Nf6 2. Bb2 e6 3. e3 d5 4. Nf3 Be7 5. Be2 O-O 6. O-O c5 7. Ne5 Nc6 8. f4 d4 9. Nxc6 bxc6 10. Bf3 Qd6 11. Na3 Ba6 12. Be2 d3 13. cxd3 Bxd3 14. Be5 Qd5 15. Rc1 Ne4 16. Bxd3 Qxd3 17. Nc4 Rfd8 18. Qg4 Bf8 19. Rcd1 Rd7 20. f5 exf5 21. Qxf5 g6 22. Qf3 f5 23. g4 Rf7 24. Qg2 fxg4 25. Rxf7 Kxf7 26. Qxg4 Nf6 27. Qf3 Qf5 28. Rf1 1-0


[Site "https://www.chess.com"]

[Event "Titled Tuesday Blitz May 4 2021"]
[White "Crevatin, Leo"]
[Black "Pesotskiy, Mikhail"]
[WhiteFideId "1726307"]
[BlackFideId "34164453"]
[WhiteElo "2081"]
[BlackElo "2052"]
[Result "1-0"]
[Round "11"]
[TimeControl "180+1"]
[Date "2021.05.04"]
[WhiteClock "0:02:21"]
[BlackClock "0:01:27"]

1. d4 Nf6 2. c4 e6 3. Nc3 Bb4 4. e3 b6 5. Ne2 Bb7 6. a3 Bd6 7. d5 O-O 8. Ng3 c6 9. e4 Re8 10. Be2 Be5 11. O-O exd5 12. exd5 Bxc3 13. dxc6 Be5 14. cxb7 1-0


[Site "https://www.chess.com"]

[Event "Titled Tuesday Blitz May 4 2021"]
[White "Csonka, Balazs"]
[Black "Shapiro, David"]
[WhiteFideId "742910"]
[BlackFideId "24133523"]
[WhiteElo "2404"]
[BlackElo "2261"]
[Result "0-1"]
[Round "11"]
[TimeControl "180+1"]
[Date "2021.05.04"]
[WhiteClock "0:00:01"]
[BlackClock "0:00:29"]

1. e4 c6 2. Nc3 d5 3. Nf3 Bg4 4. h3 Bh5 5. exd5 cxd5 6. g4 Bg6 7. Bb5+ Nc6 8. Ne5 Rc8 9. d4 e6 10. Qe2 Bd6 11. Nxg6 hxg6 12. Nxd5 Kf8 13. Bxc6 Rxc6 14. Nc3 Bb4 15. Bd2 Qxd4 16. O-O-O Qc4 17. Bg5 Be7 18. Bxe7+ Kxe7 19. Qe3 Qc5 20. Nd5+ Kf8 21. Qxc5+ Rxc5 22. Nc3 Ke7 23. Rd3 Nf6 24. Rhd1 g5 25. b3 Rhc8 26. Kb2 b5 27. a3 a5 28. R1d2 b4 29. axb4 axb4 30. Na4 R5c6 31. c4 bxc3+ 32. Nxc3 Rb8 33. f3 Rc7 34. Ne4 Nxe4 35. fxe4 Kf6 36. Rc3 Rxc3 37. Kxc3 Ke5 38. Re2 Rh8 39. Re3 Kf4 40. Rd3 Kxe4 41. b4 Rc8+ 42. Kd2 Rb8 43. Rd7 f6 44. Rxg7 Rxb4 45. Rg6 Ke5 46. Ke2 Rb3 47. Rh6 f5 48. Kf2 f4 49. Rg6 Rxh3 50. Rxg5+ Ke4 51. Kg2 Rg3+ 52. Kf2 Ra3 53. Rb5 Ra2+ 54. Kf1 Kf3 0-1


[Site "https://www.chess.com"]

[Event "Titled Tuesday Blitz May 4 2021"]
[White "Cuevas, Alex"]
[Black "Ivanov, Mike"]
[WhiteFideId "114260"]
[BlackFideId "2613158"]
[WhiteElo "2289"]
[BlackElo "2197"]
[Result "0-1"]
[Round "11"]
[TimeControl "180+1"]
[Date "2021.05.04"]
[WhiteClock "0:00:16"]
[BlackClock "0:00:31"]

1. c4 e5 2. Nc3 Nc6 3. Nf3 Nf6 4. e4 Bc5 5. Nxe5 O-O 6. Nf3 Nxe4 7. Nxe4 Re8 8. Be2 Rxe4 9. O-O Nd4 10. Bd3 Re6 11. b4 Qf6 12. Rb1 Nxf3+ 13. Qxf3 Qxf3 14. gxf3 Bd4 15. Be4 c6 16. d3 d6 17. b5 Bd7 18. bxc6 Bxc6 19. Be3 Bxe3 20. fxe3 Rae8 21. Rf2 f5 22. Bxc6 bxc6 23. e4 R8e7 24. Kf1 h6 25. Ke2 d5 26. cxd5 cxd5 27. Rb5 dxe4 28. Rxf5 e3 29. Rf1 Rb6 30. Rc1 Rb2+ 31. Ke1 Rxh2 32. Rc8+ Kh7 33. Rf4 Rb7 34. Rc1 Rbb2 0-1


[Site "https://www.chess.com"]

[Event "Titled Tuesday Blitz May 4 2021"]
[White "Cunjalo, Faris"]
[Black "Prithu Gupta"]
[WhiteFideId "14410710"]
[BlackFideId "46618546"]
[WhiteElo "2234"]
[BlackElo "1775"]
[Result "1-0"]
[Round "11"]
[TimeControl "180+1"]
[Date "2021.05.04"]
[WhiteClock "0:00:05"]
[BlackClock "0:00:15"]

1. Nf3 Nf6 2. c4 e6 3. Nc3 d5 4. e3 Bd6 5. b3 b6 6. Bb2 Bb7 7. g3 a6 8. Bg2 Nbd7 9. O-O O-O 10. cxd5 exd5 11. Rc1 Qe7 12. Ne2 c5 13. d4 Ne4 14. dxc5 bxc5 15. Nf4 Ndf6 16. Nd2 Rad8 17. Nxe4 dxe4 18. Qc2 Ng4 19. h3 Nf6 20. Bxf6 gxf6 21. Rfd1 Bxf4 22. gxf4 Rxd1+ 23. Rxd1 f5 24. Qc3 a5 25. Kh2 f6 26. Qxa5 Ra8 27. Qd2 Kf8 28. h4 Ba6 29. Bh3 Bd3 30. Bxf5 Qg7 31. Rg1 Qh6 32. Rg4 Qh5 33. Be6 f5 34. Rg5 Qxh4+ 35. Kg2 h6 36. Rg3 Ke7 37. Bxf5 Kf6 38. Qc3+ Kxf5 39. Qe5# 1-0


[Site "https://www.chess.com"]